 Dungeon Crawl Stone Soup version 0.30.0-13-g156ef70053 (webtiles) character file.

Game seed: 12313957341574335675

30 Pimp the Shooter (level 3, -9/22 HPs)
             Began as a Gargoyle Hunter on May 17, 2023.
             Killed by an exploding goblin (31 damage)
             ... ignited by their inner flame
             ... on level 2 of the Dungeon.
             The game lasted 00:01:14 (470 turns).

Pimp the Shooter (Gargoyle Hunter)                   Turns: 470, Time: 00:01:14

Health: -9/22      AC:  6    Str: 14    XL:     3   Next: 18%
Magic:  3/3        EV: 12    Int: 11    God:
Gold:   30         SH:  0    Dex: 13    Spells: 2/2 levels left

rFire   . . .        a - +0 shortbow
rCold   . . .        (shield currently unavailable)
rNeg    + . .        c - +0 leather armour
rPois   ∞            (no helmet)
rElec   +            (no cloak)
rCorr   .            (no gloves)
SInv    .            (no boots)
Will    .....        (no amulet)
Stlth   ++           (no ring)
HPRegen 0.23/turn    (no ring)
MPRegen 0.08/turn

%: no passive effects
@: no status effects
A: sickness immunity, AC +3, negative energy resistance 1, electricity
resistance, torment resistance 1, petrification resistance
a: no special abilities


You were on level 2 of the Dungeon.
You visited 1 branch of the dungeon, and saw 2 of its levels.

You collected 30 gold pieces.

Inventory:

Hand Weapons
 a - a +0 shortbow (weapon)
 f - a +2 whip of electrocution
Armour
 c - a +0 leather armour (worn)
Magical Staves
 e - a staff of air
Jewellery
 d - an amulet of faith
Scrolls
 h - a scroll of identify {unknown}
 i - 2 scrolls of teleportation {unknown}
 k - a scroll of vulnerability {unknown}
 l - a scroll of brand weapon {unknown}
Potions
 g - a potion of lignification {unknown}
 j - a potion of degeneration {unknown}
 m - a potion of cancellation {unknown}
 n - a potion of heal wounds {unknown}


   Skills:
 + Level 2.7 Fighting
 + Level 4.2 Ranged Weapons
 + Level 2.0 Dodging
 + Level 2.0 Stealth


You had 2 spell levels left.
You didn't know any spells.
Your spell library was empty.

Dungeon Overview and Level Annotations

Branches:
Dungeon (2/15)

Altars:

Annotations:
D:2 Robin


Innate Abilities, Weirdness & Mutations

You are immune to sickness and miasma.
Your stone body is resilient. (AC +3)
You are immune to poison.
You resist negative energy. (rN+)
You are resistant to electric shocks. (rElec)
You are resistant to unholy torment.
You are immune to petrification.


Message History

A goblin comes into view. It is wielding a +0 dagger. x2
The adder moves out of view.
The goblin shouts! x2
Really read the scroll of immolation? [Y]es or [N]o only, please.
Really read the scroll of immolation?
As you read the scroll of immolation, it crumbles to dust.
The creatures around you are filled with an inner flame!
Robin shouts!
The goblin shouts! x2
The goblin unwields a +0 club.
The goblin wields a +0 sling.
The goblin shoots a sling bullet.
The sling bullet hits you but does no damage.
The goblin unwields a +0 club.
The goblin wields a +0 sling.
The goblin shoots a sling bullet.
The sling bullet hits you but does no damage.
Fire: a) +0 shortbow
Press: ? - help, Q - select action Shift-Dir - straight line, f - goblin
Aim: a goblin, wielding a +0 club (inner flame, 53% to hit)
You shoot an arrow. The arrow closely misses the goblin.
A goblin comes into view. It is wielding a +0 club.
Robin roars a battlecry!
The goblins go into a battle-frenzy!
A goblin comes into view. It is wielding a +0 dagger.
Fire: a) +0 shortbow
Press: ? - help, Q - select action Shift-Dir - straight line, f/p - goblin
Aim: a goblin, wielding a +0 club (inner flame, strong, 53% to hit)
You shoot an arrow. The arrow barely misses the goblin.
The goblin shouts!
Unknown command.
Fire: a) +0 shortbow
Press: ? - help, Q - select action Shift-Dir - straight line, f/p - goblin
Aim: a goblin, wielding a +0 club (inner flame, strong, 53% to hit)
You shoot an arrow. The arrow hits the goblin.
Flame seeps out of the goblin.
The goblin is moderately wounded.
The goblin is engulfed in blazing flames.
The goblin explodes!
The fiery explosion engulfs the goblin!!!
The fiery explosion engulfs you!!
Ouch! That really hurt!
You die... #..## ..g). #..##. ## gg..

. #..# .. #. #g.g .
#..# #.###. #..S
#.#.)# #..... #g.g
#.#..#######.# .g.
#.............
#§#######.†#######.#
#§○@....#...#####..#
#######.#.#.........
#[...#.....###.##
#..........>....
#....###.#######
###### #.# #.. ####


You could see Robin (inner flame) and a goblin (inner flame, strong).

Vanquished Creatures
  2 dart slugs (D:1)
  3 bats (D:1)
  2 endoplasms (D:1)
  2 giant cockroaches (D:1)
  2 goblins (D:2)
  3 hobgoblins
  A quokka (D:1)
  4 ball pythons
  2 frilled lizards (D:1)
  3 kobolds
  A rat (D:1)
25 creatures vanquished.

Notes
Turn   | Place    | Note
-------+----------+-------------------------------------------
     0 | D:1      | Pimp the Gargoyle Hunter began the quest for the Orb.
     0 | D:1      | Reached XP level 1. HP: 12/12 MP: 1/1
    37 | D:1      | Reached XP level 2. HP: 18/18 MP: 2/2
   236 | D:1      | Reached XP level 3. HP: 22/22 MP: 3/3
   465 | D:2      | Noticed Robin
   470 | D:2      | Killed by an exploding goblin... ignited by their inner
                  | flame

Illustrated notes

Levels and vault maps discovered:
D:1:      scummos_arrival_forest, layout_rooms
D:2:      layout_basic, uniq_robin, uniq_sigmund, uniq_terence

Skill      XL: |  1  2  3 |
---------------+----------+-----
Stealth        | 2 |  2.0
Dodging        | 2 |  2.0
Fighting       | |  2.7
Ranged Weapons | |  4.2

Action                     || total
---------------------------++-------
   Fire: Shortbow          ||    63
    Use: Scroll            ||     1
 Armour: Leather armour    ||     9
  Dodge: Dodged            ||     7
